 Dungeon Crawl Stone Soup version 0.29-a0-362-g5854e031c7 (webtiles) character file.

Game seed: 10498105939074546382

63 ytrimaz the Skirmisher (level 3, -2/29 HPs)
             Began as a Demonspawn Fighter on Apr 29, 2022.
             Slain by Sigmund
             ... wielding a +0 scythe
              (4 damage)
             ... on level 2 of the Dungeon.
             The game lasted 00:01:37 (2161 turns).

ytrimaz the Skirmisher (Demonspawn Fighter)         Turns: 2161, Time: 00:01:37

Health: -2/29      AC: 10    Str: 18    XL:     3   Next: 87%
Magic:  3/3        EV:  9    Int:  9    God:
Gold:   103        SH:  0    Dex: 12    Spells: 2/2 levels left

rFire   . . .      SeeInvis .   a - +1 war axe
rCold   . . .      Faith    .   c - +0 buckler
rNeg    . . .      Spirit   .   b - +0 scale mail
rPois   .          Reflect  .   j - +2 helmet
rElec   .          Harm     .   (no cloak)
rCorr   .          Rampage  .   (no gloves)
Will    .....                   (no boots)
Stlth   ..........              (no amulet)
HPRegen 0.09/turn               (no ring)
MPRegen 0.16/turn               (no ring)

@: confused
A: foul stench 1, magic regeneration
a: no special abilities


You were on level 2 of the Dungeon.
You visited 1 branch of the dungeon, and saw 2 of its levels.

You collected 103 gold pieces.

Inventory:

Hand Weapons
 a - a +1 war axe (weapon)
Armour
 b - a +0 scale mail (worn)
 c - a +0 buckler (worn)
 j - a +2 helmet (worn)
Jewellery
 h - a ring of ice
Scrolls
 i - a scroll of vulnerability
 k - a scroll of teleportation
 l - a scroll of torment {unknown}
 m - a scroll of blinking {unknown}
Potions
 d - a potion of might
 e - a potion of flight {unknown}
 f - 2 potions of curing {unknown}
 g - 2 potions of resistance {unknown}


   Skills:
 + Level 3.5 Fighting
 + Level 2.6 Axes
 + Level 3.2 Armour
 + Level 2.9 Shields


You had 2 spell levels left.
You didn't know any spells.
Your spell library was empty.

Dungeon Overview and Level Annotations

Branches:
Dungeon (2/15)

Altars:

Annotations:
D:2 Sigmund


Innate Abilities, Weirdness & Mutations

You may rarely emit foul miasma when damaged in melee.
You regenerate magic rapidly.


Message History

You now have 103 gold pieces (gained 17).
Found an escape hatch in the floor.
There is an escape hatch in the floor here.
Sigmund the Dreaded comes into view.
He is wielding a +0 scythe.
Sigmund shouts!
Sigmund is nearby!
Found a scroll of vulnerability.
Sigmund screams, "Die, monster!"
Sigmund casts a spell.
Sigmund flickers and vanishes!
Deactivating autopickup; reactivate with Ctrl-A.
No target in view!
No target in view!
No target in view!
No target in view!
You hear some strange, mumbled words.
You are confused.
A kobold comes into view. It is wielding a +0 short sword.
The kobold shouts!
Something hits you.
Found a bone whip.
Unknown command.
Something hits you but does no damage.
You're too confused to move!
A magic dart appears from out of thin air!
The magic dart hits you but does no damage.
You bump into the granite statue.
Something hits you!
You feel less confused.
You hear some strange, mumbled words.
A magic dart appears from out of thin air!
The magic dart hits you. The kobold barely misses you.
Unknown command.
You barely miss something. You barely miss the kobold. Something hits you!
* * * LOW HITPOINT WARNING * * *
The kobold hits you but does no damage.
You hit something. You barely miss the kobold.
You hear some strange, mumbled words.
You are confused.
The kobold barely misses you. Something hits you.
You die...

#.######
#......## ##>#
........ ##..#
. ... #.
##...## .. #.
# ##.....##
... ##.####
##.8...8.#....
....##
#.............
#..##
#..$.⌠.K...###
###....
#....{@.......
.(.....
##.8...8.#.###
###...
##.....####
##.....
##...##
...#... ...?.
..#.#...
#.....
.........
#..)..
.........
#......
..>......
##..#####


You could see a kobold.

Vanquished Creatures
  2 adders (D:2)
  A dart slug (D:1)
  An endoplasm (D:2)
  6 goblins
  3 hobgoblins
  6 quokkas
  5 ball pythons
  7 bats
  3 frilled lizards (D:1)
  5 kobolds
  A rat (D:1)
  A bush (D:1)
41 creatures vanquished.

Notes
Turn   | Place    | Note
-------+----------+-------------------------------------------
     0 | D:1      | ytrimaz the Demonspawn Fighter began the quest for the Orb.
     0 | D:1      | Reached XP level 1. HP: 18/18 MP: 1/1
   288 | D:1      | Gained mutation: You regenerate magic rapidly. [demonic
                  | ancestry]
   288 | D:1      | Reached XP level 2. HP: 12/24 MP: 2/2
  1593 | D:2      | Gained mutation: You may rarely emit foul miasma when
                  | damaged in melee. [demonic ancestry]
  1593 | D:2      | Reached XP level 3. HP: 23/29 MP: 3/3
  2149 | D:2      | Noticed Sigmund
  2161 | D:2      | Slain by Sigmund

Illustrated notes

Levels and vault maps discovered:
D:1:      heliophobic_arrival_enchanted_forest, layout_basic,
          serial_co_window_serial, co_window_paths_b, co_window_paths_b,
          co_window_corner_a, co_window_paths_b, co_window_of_opportunity_a,
          co_window_paths_a, co_window_of_opportunity_a, co_window_corner_b,
          co_window_broadway_c, co_window_broadway_b, co_window_4corner_b,
          glass_columns_c, minmay_hedge_maze, minmay_misc_feat_doors
D:2:      layout_rooms, wad_floor_pattern_untrapped, uniq_sigmund

Skill      XL: |  1  2 |
---------------+-------+-----
Axes           | 2 |  2.6
Armour         | 3 |  3.2
Fighting       | |  3.5
Shields        | |  2.9

Action                   || total
-------------------------++-------
Melee: War axe           ||   170
  Use: Scroll            ||     4
Armor: Scale mail        ||    75
Dodge: Dodged            ||    78
Block: Buckler           ||    31

Table legend: (Time is in decaauts)
 A = Elapsed time spent in this place.
 B = Non-inter-level travel time spent in this place.
 C = Inter-level travel time spent in this place.
 D = Time resting spent in this place.
 E = Time spent auto-exploring this place.
 F = Levels seen in this place.
 G = Mean time per level.
                   A        B        C        D        E       F      G
               +--------+--------+--------+--------+--------+-----+--------+
         Total |   2235 |   2190 |     45 |      0 |   1755 |   2 | 1117.5 |
       Dungeon |   2235 |   2190 |     45 |      0 |   1755 |   2 | 1117.5 |
               +--------+--------+--------+--------+--------+-----+--------+

Top non-repeatable levels by time:
     D:1: 1636 daAuts
     D:2: 598 daAuts
